 Dungeon Crawl Stone Soup version 0.10.4 character file.

88 Chimkentus the Vexing (level 3, 0/16 HPs)
             Began as a Spriggan Enchanter on Apr 12, 2024.
             Succumbed to an adder's poison
             ... on Level 2 of the Dungeon.
             The game lasted 00:12:38 (1483 turns).

Chimkentus the Vexing (Spriggan Enchanter)          Turns: 1483, Time: 00:12:38

HP   0/16        AC  3     Str  9      XL: 3   Next: 46%
MP   1/9         EV 19     Int 17      God:
Gold 46          SH  0     Dex 16      Spells:  2 memorised,  3 levels left

Res.Fire  : . . .   See Invis. : +   a - +1 dagger {=f}
Res.Cold  : . . .   Warding    : . . b - +1 robe
Life Prot.: . . .   Conserve   : .   (shield restricted)
Res.Acid. : . . .   Res.Corr.  : .   (helmet restricted)
Res.Poison: .       Clarity    : .   (no cloak)
Res.Elec. : .       Spirit.Shd : .   (gloves unavailable)
Sust.Abil.: . .     Stasis     : .   (boots unavailable)
Res.Mut.  : .       Ctrl.Telep.: .   (no amulet)
Res.Rott. : .       Levitation : .   (no ring)
Saprovore : . . .   Ctrl.Flight: .   (no ring)

@: mighty, mildly poisoned, very quick, slightly resistant to hostile
enchantments, stealthy
A: unfitting armour, see invisible, herbivore 3, speed 3, slow metabolism 3
a: no special abilities


You were on level 2 of the Dungeon.
You were very full.

You visited 1 branch of the dungeon, and saw 2 of its levels.

You collected 26 gold pieces.

Inventory:

Hand weapons
 a - a +1,+1 dagger (weapon) {=f}
 o - a +0,+0 elven dagger
 s - a -1,+1 orcish dagger
Missiles
 d - 14 +1 darts (quivered)
 h - 2 +2 darts
 r - 21 +0 darts
 t - 22 +0 arrows
 u - 10 poisoned +0 needles
Armour
 b - a +1 robe (worn)
Comestibles
 q - an apple
Scrolls
 f - a scroll of random uselessness {unknown}
 g - 3 scrolls of detect curse {unknown}
 k - 2 scrolls of fear {unknown}
 l - a scroll of teleportation {unknown}
 p - a scroll of curse weapon {unknown}
 v - a scroll of remove curse {unknown}
Potions
 n - a potion of might
Books
 c - a book of Maledictions

   Spells                             Type                      Level
   *Corona                            Hexes                        1
   Sure Blade                         Hexes/Charms                 2
   *Ensorcelled Hibernation           Hexes/Ice                    2
   Confuse                            Hexes                        3
   Enslavement                        Hexes                        4
   Invisibility                       Hexes                        6


   Skills:
 * Level 0.5 Fighting
 + Level 1.1 Short Blades
 + Level 1.1 Throwing
 + Level 3.8 Dodging
 + Level 3.3 Stealth
 + Level 3.4 Stabbing
 + Level 2.2 Spellcasting
 * Level 4.6 Hexes
 + Level 0.2 Ice Magic


You had 3 spell levels left.
You knew the following spells:

 Your Spells              Type           Power        Failure   Level  Hunger
a - Corona                Hex            ####....     2%          1    Sultana
b - Ensorcelled Hibernat  Ice/Hex        ###....      12%         2    Choko

Dungeon Overview and Level Annotations

Branches:
Dungeon (2/27)

Altars:


Innate Abilities, Weirdness & Mutations

You are tiny and cannot use many weapons and most armour.
You have supernaturally acute eyesight.
You are a herbivore.
You cover ground extremely quickly.
You need consume almost no food.


Message History

You are more poisoned.
The adder poisons you!
You slash the adder!
You kill the adder!
* * * LOW HITPOINT WARNING * * *
You feel sick.
Unknown command.
Drink which item? (? for menu, Esc to quit)
That potion was really gluggy!
* * * LOW HITPOINT WARNING * * *
You feel sick.
Drink which item? (? for menu, Esc to quit)
Okay, then.
You drop a potion of degeneration.
* * * LOW HITPOINT WARNING * * *
You feel sick.
Drink which item? (? for menu, Esc to quit)
You feel your dexterity returning.
Unknown command.
You die...

##..........##...#
........#'####...#
###.....#.########
#...........#####
######..........#
#......###%##
#...........#
#(..........####
#######..@.....#
#%.......#
####.#.....
#.###.>. #.# .##
#.. ##


There were no monsters in sight!

Vanquished Creatures
  2 adders (D:2)
  2 ball pythons
  6 bats
  5 goblins
  A hobgoblin (D:1)
  A giant cockroach (D:1)
  A giant newt (D:2)
  3 kobolds (D:1)
  5 rats (D:2)
26 creatures vanquished.

Vanquished Creatures (others)
  3 toadstools (D:1)
3 creatures vanquished.

Grand Total: 29 creatures vanquished

Notes
Turn   | Place    | Note
--------------------------------------------------------------
     0 | D:1      | Chimkentus, the Spriggan Enchanter, began the quest for the Orb.
     0 | D:1      | Reached XP level 1. HP: 9/9 MP: 4/4
   539 | D:1      | Reached XP level 2. HP: 13/13 MP: 6/6
   593 | D:1      | Learned a level 2 spell: Ensorcelled Hibernation
   780 | D:1      | You fall through a shaft!
   798 | D:2      | Reached skill level 4 in Hexes
  1463 | D:2      | Reached XP level 3. HP: 16/16 MP: 9/9
  1483 | D:2      | Succumbed to an adder's poison
